cohdb
Replays
Latest Replays
All Replays
Popular Replays
Top Player Replays
Match Explorer
How It Works
Community
CoH3 Stats
Reddit
Sign in to upload your games and track your stats! →
Sign in with Steam
Match 38786654
Unlisted
Match 38786654
Overview
Messages
Build Orders
End
Engineer Squad
Construct Weapon Support Center
Selects Armored Battlegroup
Selects Assault Engineers
M1919 Machine Gun Team
Assault Engineer Squad
Assault Engineer Squad
Air Support Center
Scout Squad
P-47 Strafing Run
Grasshopper Recon Run
M3 Armored Personnel Carrier
P-47 Dive Bomb
Air Supply
Assault Engineer Squad
Grasshopper Recon Run
M3 Armored Personnel Carrier
P-47 Strafing Run
P-47 Strafing Run
Grasshopper Recon Run
P-47 Dive Bomb
Assault Engineer Squad
Assault Engineer Squad
Selects Strength in Steel
Selects M8 Scott SPG
Selects UNKNOWN (2160077)
Construct Tank Depot
Grasshopper Recon Run
Honey
NiuZeta
theGshovE
Thrax
Belgian Luftwaffle
JIANHU
TIAmoRoselia.
Vandernesh
0
0
Comments
sign in to comment!
No comments posted yet!